 Dungeon Crawl Stone Soup version 0.31-a0-662-g684573625c (webtiles) character file.

Game seed: 14852370715131782960

9 senseless the Digger (level 2, -7/15 HPs)
             Began as a Gargoyle Earth Elementalist on Aug 31, 2023.
             Mangled by a wight
             ... wielding a +3 long sword
              (9 damage)
             ... on level 1 of the Abyss.
             The game lasted 00:01:38 (491 turns).

senseless the Digger (Gargoyle Earth Elementalist)   Turns: 491, Time: 00:01:39

Health: -7/15      AC:  4    Str: 11    XL:     2   Next: 16%
Magic:  5/5        EV: 12    Int: 15    God:
Gold:   53         SH:  0    Dex: 10    Spells: 4/5 levels left

rFire   . . .        d - staff of cold
rCold   + . .        (no shield)
rNeg    + . .        a - +0 robe
rPois   ∞            (no helmet)
rElec   +            (no cloak)
rCorr   +            (no gloves)
SInv    .            (no boots)
Will    .....        (no amulet)
Stlth   ++           f - ring of resist corrosion
HPRegen 0.22/turn    (no ring)
MPRegen 0.09/turn

%: no passive effects
@: no status effects
A: sickness immunity, AC +2, negative energy resistance 1, electricity
resistance, torment resistance 1, petrification resistance
a: no special abilities


You were on level 1 of the Abyss.
You visited 1 branch of the dungeon, and saw 1 of its levels.
You visited the Abyss 1 time.

You collected 53 gold pieces.

Inventory:

Hand Weapons
 c - a +0 short sword
Armour
 a - a +0 robe (worn)
Magical Staves
 d - a staff of cold (weapon)
Jewellery
 f - a ring of resist corrosion (left hand)
Scrolls
 e - a scroll of teleportation {unknown}
Potions
 b - 2 potions of magic


   Skills:
 + Level 1.7 Dodging
 + Level 2.4 Stealth
 + Level 2.1 Spellcasting
 + Level 1.0 Transmutations
 + Level 3.8 Earth Magic


You had 4 spell levels left.
You knew the following spells:

 Your Spells              Type           Power      Damage    Failure   Level
a - Sandblast             Erth           26%        2d8       4%          1

Your spell library contained the following spells:

 Spells                   Type           Power      Damage    Failure   Level
 Passwall                 Tmut/Erth      6%         N/A       12%         2
 Stone Arrow              Conj/Erth      14%        3d7       30%         3
 Petrify                  Tmut/Erth      8%         N/A       63%         4


Dungeon Overview and Level Annotations

Branches:
Dungeon (1/15)

Altars:
Lugonu


Innate Abilities, Weirdness & Mutations

You are immune to sickness and miasma.
Your stone body is resilient. (AC +2)
You are immune to poison.
You resist negative energy. (rN+)
You are resistant to electric shocks. (rElec)
You are resistant to unholy torment.
You are immune to petrification.


Message History

A giant cockroach comes into view.
Found a robe.
The blast of sand hits the giant cockroach but does no damage.
The blast of sand hits the giant cockroach.
The giant cockroach is heavily wounded.
The giant cockroach bites you but does no damage.
The blast of sand hits the giant cockroach.
The giant cockroach is almost dead.
The giant cockroach barely misses you.
The giant cockroach bites you but does no damage.
You closely miss the giant cockroach.
The giant cockroach is almost dead.
The giant cockroach bites you.
The blast of sand hits the giant cockroach.
You kill the giant cockroach!
Lugonu draws you home! Lugonu sends minions to punish you.
A thrashing horror comes into view.
Found a stone staircase leading down.
You are cast into the Abyss!
To return, you must find a gate leading back.
Killing monsters will force the Abyss to allow you passage.
This branch contains the abyssal rune of Zot.
There is an empty arch of ancient stone here.
There is nothing on the other side of the stone arch.
A smoke demon appears in a shower of sparks.
A wight comes into view. It is wielding a +0 long sword.
A wight comes into view. It is wielding a +3 long sword.
The wight barely misses you. The wight attacks as it pursues you!
The wight misses you. The wight attacks as it pursues you!
The wight closely misses you. The wight attacks as it pursues you!
The wight barely misses you. The wight attacks as it pursues you!
The wight barely misses you. The wight attacks as it pursues you!
The wight hits you with a +3 long sword!
Ouch! That really hurt!
* * * LOW HITPOINT WARNING * * *
The wight attacks as it pursues you!
The wight hits you with a +3 long sword!
Ouch! That really hurt!
You die...

# #.##.### .
#.......# ..
### #.##.####
...#........
#.#.## ####
#......# #
#.#####.#####
.......z....#
#######@#####
#.# ... ##.##
#.# ###


You could see a wight.

Vanquished Creatures
  A dart slug (D:1)
  A giant cockroach (D:1)
  A quokka (D:1)
  A ball python (D:1)
  A bat (D:1)
  2 frilled lizards (D:1)
  A kobold (D:1)
  A rat (D:1)
9 creatures vanquished.

Notes
Turn   | Place    | Note
-------+----------+-------------------------------------------
     0 | D:1      | senseless the Gargoyle Earth Elementalist began the quest
                  | for the Orb.
     0 | D:1      | Reached XP level 1. HP: 10/10 MP: 3/3
   104 | D:1      | Found a faded altar of an unknown god.
   114 | D:1      | Prayed at the altar of an unknown god.
   114 | D:1      | Became a worshipper of Lugonu the Unformed
   114 | D:1      | Reached * piety under Lugonu
   115 | D:1      | Fell from the grace of Lugonu
   181 | D:1      | Reached skill level 1 in Transmutations
   181 | D:1      | Reached XP level 2. HP: 15/15 MP: 3/5
   397 | D:1      | Noticed a thrashing horror
   397 | Abyss:1  | Cast into level 1 of the Abyss (Lugonu's touch)
   414 | Abyss:1  | Noticed a smoke demon
   420 | Abyss:1  | Noticed a wight
   469 | Abyss:1  | Noticed a wight
   491 | Abyss:1  | Mangled by a wight

Illustrated notes

Levels and vault maps discovered:
D:1:      dpeg_arrival_tiny_b, layout_basic, ebering_ecumenical_altar_hall
Abyss:1:  base:
D:1

Skill      XL: |  1 |
---------------+----+-----
Transmutations | 1 |  1.0
Dodging        | |  1.7
Stealth        | |  2.4
Spellcasting   | |  2.1
Earth Magic    | |  3.8

Action                     || total
---------------------------++-------
  Melee: Unarmed           ||     3
         Staff             ||     1
   Cast: Sandblast         ||    16
 Invoke: Renounce Religion ||     1
 Armour: Robe              ||     9
  Dodge: Dodged            ||     9

Table legend: (Time is in decaauts)
 A = Elapsed time spent in this place.
 B = Non-inter-level travel time spent in this place.
 C = Inter-level travel time spent in this place.
 D = Time resting spent in this place.
 E = Time spent auto-exploring this place.
 F = Levels seen in this place.
 G = Mean time per level.
                   A        B        C        D        E       F      G
               +--------+--------+--------+--------+--------+-----+--------+
         Total |    497 |    497 |      0 |      0 |    355 |   2 |  248.5 |
       Dungeon |    403 |    403 |      0 |      0 |    328 |   1 |  403.0 |
         Abyss |     93 |     93 |      0 |      0 |     27 |   1 |   93.0 |
               +--------+--------+--------+--------+--------+-----+--------+

Top non-repeatable levels by time:
     D:1: 403 daAuts
 Abyss:1: 93 daAuts
